 Dungeon Crawl Stone Soup version 0.29.1-14-g9c671dbff4 (webtiles) character file.

Game seed: 15887265904410204584

19146 Peloso the Fencer (level 12, -22/112 HPs)
             Began as a Minotaur Fighter on Feb 20, 2023.
             Was the Champion of Okawaru.
             Annihilated by a bog body (23 damage)
             ... on level 2 of the Lair of Beasts.
             The game lasted 00:27:29 (15645 turns).

Peloso the Fencer (Minotaur Fighter)               Turns: 15645, Time: 00:27:29

Health: -22/112    AC: 20    Str: 23    XL:     12   Next: 34%
Magic:  13/13      EV:  9    Int:  5    God:    Okawaru [******]
Gold:   931        SH:  7    Dex: 22    Spells: 11/11 levels left

rFire   . . .      SeeInvis .   c - +2 scimitar (vorpal)
rCold   . . .      Faith    .   d - +0 buckler
rNeg    . . .      Spirit   .   A - +1 plate armour
rPois   .          Reflect  .   h - +1 hat {Stlth+}
rElec   .          Harm     .   D - +0 cloak
rCorr   .          Rampage  .   x - +0 pair of fencer's gloves {Riposte Dex+3}
Will    .....                   (no boots)
Stlth   ..........              F - amulet of regeneration
HPRegen 1.08/turn               K - +6 ring of dexterity
MPRegen 0.13/turn               (no ring)

@: slowed, very slow
A: horns 2, retaliatory headbutt
a: Renounce Religion, Heroism, Finesse, Duel


You were on level 2 of the Lair of Beasts.
You worshipped Okawaru.
Okawaru was exalted by your worship.
You visited 3 branches of the dungeon, and saw 14 of its levels.
You also visited: Sewer.

You collected 931 gold pieces.

Inventory:

Hand Weapons
 a - a +1 long sword of venom
 b - a +1 whip of flaming
 c - a +2 vorpal scimitar (weapon)
Armour
 d - a +0 buckler (worn)
 h - a +1 hat of stealth (worn)
 x - the +0 pair of fencer's gloves (worn) {Riposte Dex+3}
   (Okawaru gifted it to you on level 1 of the Lair of Beasts)

   It allows the wearer to riposte with melee weapons, swiftly retaliating
   against missed or blocked melee attacks.
   Dex:       It affects your dexterity (+3).
 A - a +1 plate armour (worn)
 D - a +0 cloak (worn)
 L - the +18 Lear's hauberk
   (You found it on level 9 of the Dungeon)
Jewellery
 e - a ring of magical power
 m - a +4 ring of evasion
 n - an amulet of magic regeneration
 w - a ring of fire
 y - an amulet of faith
 E - a +6 ring of strength
 F - an amulet of regeneration (around neck)
 G - a ring of resist corrosion
 K - a +6 ring of dexterity (left hand)
 M - a ring of see invisible
Wands
 q - a wand of iceblast (6)
 H - a wand of acid (12)
Scrolls
 i - 2 scrolls of blinking
 j - 5 scrolls of teleportation
 o - 3 scrolls of brand weapon
 r - a scroll of enchant armour
 s - 4 scrolls of fear
 t - 3 scrolls of magic mapping
 C - a scroll of torment {unknown}
Potions
 f - 4 potions of flight
 g - 6 potions of might
 k - 6 potions of heal wounds
 l - 5 potions of haste
 p - 8 potions of curing
 u - 3 potions of berserk rage
 v - a potion of mutation
 z - a potion of experience {unknown}
 B - 2 potions of magic {unknown}
 I - a potion of ambrosia {unknown}
 J - a potion of brilliance {unknown}


   Skills:
 + Level 12.1 Fighting
 + Level 15.1 Long Blades
 + Level 11.9 Armour
 + Level 3.4 Dodging
 + Level 1.1 Stealth
 + Level 9.6 Shields
 + Level 3.0 Invocations
 + Level 0.2 Evocations


You had 11 spell levels left.
You didn't know any spells.
Your spell library contained the following spells:

 Spells                   Type           Power      Damage    Failure   Level
 Slow                     Hex            0%         N/A       100%        1
 Blink                    Tloc           0%         N/A       100%        2
 Confusing Touch          Hex            0%         N/A       100%        3
 Vampiric Draining        Necr           0%         2d6       100%        3
 Hailstorm                Conj/Ice       0%         3d3       100%        4
 Ice Form                 Ice/Tmut       0%         N/A       100%        4
 Passage of Golubria      Tloc           0%         N/A       100%        4
 Fireball                 Conj/Fire      0%         3d3       100%        5
 Iskenderun's Battlesphe  Conj           0%         2d6       100%        5
 Manifold Assault         Tloc           0%         N/A       100%        5
 Silence                  Hex/Air        0%         N/A       100%        5
 Conjure Ball Lightning   Conj/Air       0%         3x3d6     100%        6
 Orb of Destruction       Conj           0%         9d5       100%        7
 Storm Form               Tmut/Air       0%         N/A       100%        7
 Lehudib's Crystal Spear  Conj/Erth      0%         10d2      100%        8
 Simulacrum               Ice/Necr       Unusable   N/A       N/A         6

Dungeon Overview and Level Annotations

Branches:
Dungeon (11/15)            Temple (1/1) D:5            Lair (2/5) D:11
  Swamp (0/4) Lair:2          Orc (0/2) D:11          Sewer (visited)
  Snake: Lair:2-3    Spider: Lair:2-3

Altars:
Ashenzari
Cheibriados
Dithmenos
Elyvilon
Fedhas
Gozag
Hepliaklqana
Kikubaaqudgha
Makhleb
Nemelex Xobeh
Okawaru
Qazlal
Ru
Sif Muna
Trog
Uskayaw
Vehumet
Wu Jian
Xom
Yredelemnul
Zin
The Shining One

Shops:
D:9 :[

Annotations:
D:8 3 runed translucent doors, Anriel's ghost, novice HuGl


Innate Abilities, Weirdness & Mutations

You have a pair of horns on your head.
You reflexively headbutt those who attack you in melee.


Message History

The bullfrog hits you but does no damage.
The basilisk bites you but does no damage.
The bullfrog barely misses you.
The bog body touches you but does no damage. x2
The basilisk bites you but does no damage.
The bullfrog hits you but does no damage.
The bog body touches you but does no damage.
The bog body gestures at you while chanting.
The bolt of cold hits you!!!
The bullfrog hits you but does no damage.
The basilisk bites you but does no damage.
The bullfrog swells and bulges.
The bullfrog hits you but does no damage.
The bog body touches you! The bog body freezes you!! The bog body touches you.
The bog body freezes you!!
* * * LOW HITPOINT WARNING * * *
The basilisk bites you.
* * * LOW HITPOINT WARNING * * *
You turn to flesh and can move again.
Unknown command.
Unknown command.
Unknown command.
The bullfrog hits you but does no damage.
The bog body closely misses you. You furiously retaliate!
You headbutt the bog body.
You riposte.
You barely miss the bog body.
The bog body is moderately damaged.
The bullfrog hits you but does no damage.
The bog body gestures at you while chanting.
The bolt of cold hits you!!
* * * LOW HITPOINT WARNING * * *
The bog body casts a spell at you.
The bolt of cold hits you but does no damage.
The bullfrog hits you but does no damage.
There is a stone staircase leading up here.
The bullfrog hits you but does no damage.
The basilisk bites you but does no damage.
The bog body touches you!
* * * LOW HITPOINT WARNING * * *
The bog body freezes you!!
You die...

......... ..
....... ... #.....
... #..>. #.# [
#...# ...##. ...
#..§##......
.....##..l#.......
......§§§n@.......
.....§~S♣nF.......
###..~§~♣~.P......
##.§§>§§........
...~♣§§§.#.P.##.
.....~§♣/...#.#
.................
.................


You could see 2 bog bodies, a basilisk, a bullfrog and an electric eel.

Vanquished Creatures
  Gastronok (Lair:1)
  A hydra (Lair:1)
  A two-headed ogre (D:8)
  A tengu warrior (D:9)
  Pikel (D:7)
  2 cyclopes (D:11)
  A black mamba (Lair:1)
  An unseen horror (D:11)
  3 cane toads (Lair:1)
  Psyche (D:9)
  A komodo dragon (Lair:1)
  A hornet (D:11)
  Grinder (D:3)
  4 blink frogs (Lair:1)
  3 shadows (D:11)
  33 yaks
  A vampire (D:11)
  2 wyverns
  3 basilisks (Lair:1)
  3 water moccasins (Lair:1)
  6 orc warriors
  An ice beast (D:7)
  3 black bears
  An ogre (D:6)
  12 wolves (Lair:1)
  6 centaurs
  3 lemures (D:7)
  A phantom (D:5)
  5 kobold brigands
  Blork the orc (D:6)
  A necrophage (D:8)
  5 bullfrogs
  5 scorpions
  9 wights
  5 killer bees (D:9)
  4 howler monkeys
  A quasit (Sewer)
  5 hounds
  8 orc priests
  A jelly (D:6)
  2 iguanas
  11 orc wizards
  9 adders
  4 shadow imps
  A white imp (D:5)
  5 ufetubi
  3 worms
  4 dart slugs
  27 orcs
  5 ball pythons
  8 bats
  8 endoplasms
  6 giant cockroaches
  9 goblins
  10 hobgoblins
  4 jackals (D:3)
  40 kobolds
  10 quokkas
  6 frilled lizards
  5 rats
325 creatures vanquished.

Vanquished Creatures (others)
  2 howler monkeys (D:9)
  An endoplasm (Sewer)
  A kobold zombie (Sewer)
  A fungus (Lair:1)
5 creatures vanquished.

Grand Total: 330 creatures vanquished

Notes
Turn   | Place    | Note
-------+----------+-------------------------------------------
     0 | D:1      | Peloso the Minotaur Fighter began the quest for the Orb.
     0 | D:1      | Reached XP level 1. HP: 19/19 MP: 0/0
   342 | D:1      | Reached XP level 2. HP: 27/27 MP: 1/1
  1037 | D:2      | Reached XP level 3. HP: 18/33 MP: 2/2
  1289 | D:2      | Reached skill level 3 in Long Blades
  1635 | D:2      | Reached XP level 4. HP: 36/40 MP: 3/3
  2117 | D:3      | Reached skill level 1 in Dodging
  2357 | D:3      | Noticed Grinder
  2378 | D:3      | Killed Grinder
  2379 | D:3      | Reached skill level 5 in Long Blades
  2379 | D:3      | Reached skill level 5 in Armour
  2379 | D:3      | Reached XP level 5. HP: 11/47 MP: 4/4
  2379 | D:3      | Reached XP level 6. HP: 13/55 MP: 5/5
  3515 | D:5      | Entered Level 5 of the Dungeon
  3583 | D:5      | Reached skill level 5 in Fighting
  3630 | D:5      | Found a glowing drain.
  3656 | Sewer    | Entered a sewer
  3884 | Sewer    | Reached skill level 6 in Long Blades
  3884 | Sewer    | Reached XP level 7. HP: 47/61 MP: 6/6
  3935 | Sewer    | Found a burning altar of Makhleb.
  4493 | D:4      | Reached skill level 5 in Shields
  4867 | D:4      | Reached skill level 7 in Long Blades
  5055 | D:5      | Found a staircase to the Ecumenical Temple.
  5062 | Temple   | Entered the Ecumenical Temple
  5150 | Temple   | Became a worshipper of Warmaster Okawaru
  5566 | D:6      | Noticed Blork the orc
  5573 | D:6      | Killed Blork the orc
  5574 | D:6      | Reached XP level 8. HP: 38/70 MP: 7/7
  6497 | D:6      | Found a blossoming altar of Fedhas.
  6497 | D:6      | Found a basalt altar of Yredelemnul.
  6675 | D:6      | Reached * piety under Okawaru
  6676 | D:6      | Reached skill level 8 in Long Blades
  7363 | D:7      | Noticed Pikel
  7389 | D:7      | Killed Pikel
  7389 | D:7      | Reached ** piety under Okawaru
  7390 | D:7      | Reached skill level 9 in Long Blades
  7390 | D:7      | Reached XP level 9. HP: 64/79 MP: 5/8
  8227 | D:8      | Found a runed translucent gate.
  8228 | D:8      | Found a runed translucent gate.
  8230 | D:8      | Found a runed translucent gate.
  8259 | D:8      | Reached skill level 10 in Long Blades
  8531 | D:8      | Noticed a two-headed ogre
  8540 | D:8      | Killed a two-headed ogre
  8540 | D:8      | Reached *** piety under Okawaru
  8655 | D:8      | Reached skill level 11 in Long Blades
  8670 | D:8      | Reached XP level 10. HP: 49/88 MP: 6/9
  9087 | D:7      | Reached **** piety under Okawaru
  9209 | D:8      | Reached skill level 1 in Invocations
  9357 | D:8      | Noticed Anriel's ghost (novice HuGl)
  9479 | D:9      | Noticed Psyche
  9492 | D:9      | Killed Psyche
  9500 | D:9      | Reached skill level 12 in Long Blades
  9666 | D:9      | Found Pol Zuk's Book Shop.
  9691 | D:9      | Noticed a tengu warrior
  9708 | D:9      | Killed a tengu warrior
  9708 | D:9      | Received a gift from Okawaru
 10112 | D:9      | Reached ***** piety under Okawaru
 10116 | D:9      | Reached skill level 10 in Armour
 10412 | D:9      | Found Vilut's Antique Armour Shoppe.
 10977 | D:9      | Found the +18 Lear's hauberk
 11125 | D:10     | Entered Level 10 of the Dungeon
 11161 | D:10     | Reached XP level 11. HP: 64/97 MP: 11/11
 11856 | D:10     | Reached skill level 13 in Long Blades
 12729 | D:10     | Reached skill level 10 in Fighting
 13498 | D:11     | Identified the +10 dagger "Cilog" {vorpal, *Rage rCorr
                  | Int+3 Stlth+}
 13514 | D:11     | Reached skill level 14 in Long Blades
 13666 | D:11     | Received a gift from Okawaru
 13957 | D:11     | Found a staircase to the Orcish Mines.
 14389 | D:11     | Found a staircase to the Lair.
 14585 | Lair:1   | Entered Level 1 of the Lair of Beasts
 14782 | Lair:1   | Noticed Gastronok
 14811 | Lair:1   | Killed Gastronok
 14811 | Lair:1   | Reached ****** piety under Okawaru
 14811 | Lair:1   | Received a gift from Okawaru
 14811 | Lair:1   | Found the +0 pair of fencer's gloves {Riposte Dex+3}
 14812 | Lair:1   | Reached XP level 12. HP: 104/110 MP: 11/13
 14897 | Lair:1   | Reached skill level 1 in Stealth
 14986 | Lair:1   | Reached skill level 15 in Long Blades
 15103 | Lair:1   | Noticed a six-headed hydra
 15110 | Lair:1   | Killed a six-headed hydra
 15631 | Lair:2   | Found a staircase to the Swamp.
 15645 | Lair:2   | HP: 1/112 [bog body (13)]
 15645 | Lair:2   | Annihilated by a bog body

Illustrated notes

Levels and vault maps discovered:
D:1:      lightli_arrival_chessboard, layout_loops_ring
D:2:      layout_rooms, serial_curves, eino_curves_01, eino_curves_04,
          minmay_circle_x
D:3:      layout_rooms, kennysheep_another_room, uniq_grinder
D:4:      layout_cave_pools, dk_noncrumbling_4, dk_vineyard_3
D:5:      layout_basic, minmay_temple_entry_waves, serial_corexii_hall,
          corexii_hall_statues_s, chequers_hall_statues_corner_a,
          portal_sewer_entry_f
D:6:      layout_loops_corners, mainiacjoe_overflow_large_starburst,
          minmay_misc_feat_tiny, uniq_blork_the_orc
D:7:      layout_basic, uniq_pikel
D:8:      layout_cave_pools, gammafunk_ghost_necromancy
D:9:      layout_gridville, serial_shops, nicolae_shop_waterfront,
          nicolae_take_the_stairs, hellmonk_guarded_unrand_lears, uniq_psyche
D:10:     layout_basic, hangedman_decor_peaks_small, patterned_corridor
D:11:     layout_loops_corners, lair_entry_dummy, erik_orc_3
Temple:   nicolae_temple_bog_church
Lair:1:   layout_loops_ring, minivault_23, grunt_megastairs_1,
          serial_bayou_shore_b, uniq_gastronok
Lair:2:   layout_regular_city, skrybe_swamp_entry_bodies,
          guppyfry_snake_entry_island, nzn_random_ring, serial_bayou_shore_a

Skill      XL: |  1  2  3  4  5  6  7  8  9 10 11 12 |
---------------+-------------------------------------+-----
Shields        | 4 5 6 7 8 9 |  9.6
Armour         | 4 5 6 8 9 10 11 | 11.9
Fighting       | 4 5 7 8 9 11 12 | 12.1
Long Blades    | 3 5 6 7 9 11 12 14 15 | 15.1
Dodging        | 1 2 3 |  3.4
Invocations    | 2 3 |  3.0
Stealth        | 1 |  1.1
Evocations     | |  0.2

Action                   |  1- 3 |  4- 6 |  7- 9 | 10-12 || total
-------------------------+-------+-------+-------+-------++-------
Melee: Long sword        |   116 |   157 |   374 |   377 ||  1024
       Headbutt          |    16 |    23 |    72 |   133 ||   244
       Scimitar          |       |       |       |   179 ||   179
       Whip              |       |       |       |     4 ||     4
Invok: Heroism           |       |       |     6 |    12 ||    18
Evoke: Wand              |       |       |       |     2 ||     2
  Use: Scroll            |     1 |     4 |     8 |     3 ||    16
       Potion            |       |       |     1 |     2 ||     3
Armor: Scale mail        |    40 |     6 |       |       ||    46
       Chain mail        |       |    89 |    81 |       ||   170
       Plate armour      |       |       |   194 |   255 ||   449
Dodge: Dodged            |    65 |    62 |   129 |   160 ||   416
Block: Buckler           |    34 |    43 |   115 |   134 ||   326
       Rpst.: Scimitar   |       |       |       |     8 ||     8
       Whip              |       |       |       |     3 ||     3
       Long sword        |       |       |       |     3 ||     3
